 Dungeon Crawl Stone Soup version 0.30-a0-219-gf2db51d15e (webtiles) character file.

Game seed: 13960570740633091975

25 gzilladon the Grave Robber (level 3, -1/16 HPs)
             Began as a Vine Stalker Necromancer on Oct 7, 2022.
             Slain by a hobgoblin (3 damage)
             ... on level 1 of the Dungeon.
             The game lasted 00:01:57 (414 turns).

gzilladon the Grave Robber (VSNe)                    Turns: 414, Time: 00:01:59

Health: -1/16      AC:  2    Str: 10    XL:     3   Next: 6%
Magic:  0/7        EV: 12    Int: 17    God:
Gold:   45         SH:  0    Dex: 14    Spells: 5/6 levels left

rFire   . . .      SeeInvis .    d - +1 whip (venom)
rCold   . . .      Faith    .    (no shield)
rNeg    . . .      Spirit   +    a - +0 robe
rPois   .          Reflect  .    (no helmet)
rElec   .          Harm     .    (no cloak)
rCorr   .          Rampage  .    (no gloves)
Will    .....                    (no boots)
Stlth   ++........               (no amulet)
HPRegen 0.22/turn                (no ring)
MPRegen 0.10/turn                (no ring)

@: no status effects
A: fangs 2, magic shield, antimagic bite, no potion heal 2
a: no special abilities


You were on level 1 of the Dungeon.
You visited 1 branch of the dungeon, and saw 1 of its levels.

You collected 45 gold pieces.

Inventory:

Hand Weapons
 d - a +1 whip of venom (weapon)
 f - a +0 dagger
Missiles
 i - 4 stones
Armour
 a - a +0 robe (worn)
Scrolls
 c - 3 scrolls of blinking {unknown}
Potions
 b - a potion of magic
 e - a potion of heal wounds {unknown}
 g - a potion of curing {unknown}
 h - a potion of attraction {unknown}


   Skills:
 + Level 0.1 Fighting
 * Level 0.5 Short Blades
 + Level 0.3 Maces & Flails
 + Level 1.6 Dodging
 * Level 2.8 Stealth
 + Level 0.4 Unarmed Combat
 + Level 2.3 Spellcasting
 + Level 4.3 Necromancy


You had 5 spell levels left.
You knew the following spells:

 Your Spells              Type           Power      Damage    Failure   Level
a - Necrotise             Necr           64%        1d7       3%          1

Your spell library contained the following spells:

 Spells                   Type           Power      Damage    Failure   Level
 Vampiric Draining        Necr           16%        2d7       10%         3
 Summon Small Mammal      Summ           4%         N/A       19%         1
 Animate Dead             Necr           16%        N/A       30%         4
 Call Canine Familiar     Summ           1%         N/A       50%         3
 Summon Guardian Golem    Hex/Summ       1%         N/A       50%         3
 Agony                    Necr           16%        N/A       65%         5


Dungeon Overview and Level Annotations

Branches:
Dungeon (1/15)

Altars:


Innate Abilities, Weirdness & Mutations

You have extremely sharp teeth.
When hurt, damage is shared between your health and your magic reserves.
Your bite disrupts and absorbs the magic of your enemies.
Potions cannot restore your health.


Message History

You hit the goblin.
You kill the goblin!
The endoplasm freezes you.
You are frozen.
You hit the jackal.
You kill the jackal!
The jackal bites you. The endoplasm hits you.
A jackal comes into view.
The jackal misses you.
You hit the jackal.
The jackal is poisoned.
You bite the jackal. You drain its power.
You feel invigorated.
The jackal is severely wounded.
A jackal comes into view.
The jackal bites you but does no damage.
The endoplasm freezes you.
You are frozen.
You hit the jackal but do no damage.
The jackal looks as sick as possible!
Your bite misses the jackal.
The jackal is severely wounded.
You kill the jackal!
The endoplasm hits you.
You have reached level 3!
Your experience leads to an increase in your attributes!
Increase (S)trength, (I)ntelligence, or (D)exterity?
You feel clever. x2
You hit the jackal.
You kill the jackal!
The endoplasm freezes you.
You are frozen.
The hobgoblin hits you but does no damage.
The endoplasm freezes you.
You are frozen.
The hobgoblin hits you.
* * * LOW HITPOINT WARNING * * *
Things that are here:
a jackal corpse; a jackal corpse You barely miss the endoplasm.
You bite the endoplasm, but do no damage.
The jackal bites you but does no damage.
The endoplasm closely misses you. The hobgoblin hits you.
You die...

.#.... .. ...... ........######
...... #.#..).......# ......
#.#..........#
....##.#..........# ...
......+>.........# ..#
#gJh#..........#
..######.@...†........#
#+#.....................#
#.#.P~≈P.P~≈.$..........###
#.#.~~≈~.~≈≈~..###.##.....#
######.#.~~~~.~≈~~..# #.##+###.##
.........~~~~.~~~≈..###..........
######.#.~~~~.~~~~.......).....#.
#.#.~~~~.~~~~...###.....###
#...~~~≈.~~~~...# #.....#


You could see an endoplasm, a jackal and a hobgoblin.

Vanquished Creatures
  2 bats (D:1)
  2 endoplasms (D:1)
  A giant cockroach (D:1)
  4 goblins (D:1)
  2 hobgoblins (D:1)
  3 jackals (D:1)
  3 kobolds (D:1)
  3 ball pythons (D:1)
  3 rats (D:1)
23 creatures vanquished.

Vanquished Creatures (others)
  A plant (D:1)
1 creature vanquished.

Grand Total: 24 creatures vanquished

Notes
Turn   | Place    | Note
-------+----------+-------------------------------------------
     0 | D:1      | gzilladon the Vine Stalker Necromancer began the quest for
                  | the Orb.
     0 | D:1      | Reached XP level 1. HP: 9/9 MP: 4/4
    76 | D:1      | Reached XP level 2. HP: 10/13 MP: 3/6
   245 | D:1      | Found a faded altar of an unknown god.
   412 | D:1      | Reached XP level 3. HP: 5/16 MP: 3/7
   414 | D:1      | Slain by a hobgoblin

Illustrated notes

Levels and vault maps discovered:
D:1:      giann_bridges, layout_basic, hellmonk_ecumenical_altar_slurped_away

Action                   || total
-------------------------++-------
Melee: Unarmed           ||    11
       Whip              ||    36
       Bite              ||    12
 Cast: Necrotise         ||     1
 Stab: Sleeping          ||     4
Armor: Robe              ||     8
Dodge: Dodged            ||    30

Table legend: (Time is in decaauts)
 A = Elapsed time spent in this place.
 B = Non-inter-level travel time spent in this place.
 C = Inter-level travel time spent in this place.
 D = Time resting spent in this place.
 E = Time spent auto-exploring this place.
 F = Levels seen in this place.
 G = Mean time per level.
                   A        B        C        D        E       F      G
               +--------+--------+--------+--------+--------+-----+--------+
         Total |    416 |    370 |     46 |     21 |      0 |   1 |  416.0 |
       Dungeon |    416 |    370 |     46 |     21 |      0 |   1 |  416.0 |
               +--------+--------+--------+--------+--------+-----+--------+

Top non-repeatable levels by time:
     D:1: 416 daAuts
